Map: Jagannatha LE

Players

Ranger

  • Race: Protoss Protoss
  • Spawn Location: 1:00

Demi - Winner!

  • Race: Zerg Zerg
  • League: Master
  • Spawn Location: 7:00

Event: DreamHack SC2 Masters 2020 Winter

VOD

Have the link to the VOD?

Description

Time

  • Played on: Oct. 18, 2020, 2:17 a.m.
  • Length: 11:04

All games in this series

Show
View Real Time Build Order
Export as new Build Order

Ranger Protoss 

Build Orders: 1 Gate Expand, Mass Adepts 

Get SALT Encoding   

  12  0:00  Probe  
  13  0:12  Probe  
  14  0:20  Pylon  
  14  0:24  Probe  
  15  0:38  Probe (Chrono Boost)  
  15  0:41  Gateway  
  16  0:47  Assimilator, Probe (Chrono Boost)  
  17  0:52  Probe (Chrono Boost)  
  18  1:04  Probe  
  19  1:16  Probe  
  20  1:26  Nexus  
  20  1:33  Cybernetics Core  
  20  1:39  Assimilator  
  20  1:41  Probe  
  21  1:49  Pylon  
  21  1:53  Probe  
  22  2:05  Probe  
  22  2:07  Adept (Chrono Boost)  
  23  2:11  Warp Gate  
  25  2:17  Probe  
  25  2:21  Twilight Council  
  26  2:29  Stalker  
  26  2:32  Probe (Chrono Boost)  
  29  2:40  Probe (Chrono Boost)  
  31  2:44  Probe (Chrono Boost)  
  31  2:49  Probe (Chrono Boost)  
  32  2:52  Robotics Facility  
  32  2:54  Probe (Chrono Boost)  
  32  2:58  Probe  
  34  3:06  Gateway, Probe  
  34  3:10  Adept  
  34  3:12  Probe  
  38  3:14  Resonating Glaives (Chrono Boost)  
  38  3:18  Probe  
  39  3:24  Probe  
  40  3:31  Gateway  
  40  3:35  Gateway  
  40  3:41  Warp Prism (Chrono Boost)  
  42  3:49  Pylon  
  42  3:54  Gateway  
  42  3:59  Gateway  
  42  4:00  Probe  
  42  4:02  Probe  
  44  4:08  Pylon  
  44  4:16  Probe  
  45  4:24  Pylon  
  45  4:35  Adept x4  
  49  4:49  Probe  
  50  4:54  Adept  
  50  4:55  Adept x5  
  62  5:12  Pylon  
  62  5:13  Pylon, Adept  
  64  5:15  Adept x3  
  69  5:34  Adept  
  69  5:35  Adept x5  
  43  5:58  Adept x2  
  43  5:59  Adept x4  
  53  6:09  Immortal  
  55  6:21  Adept x6  
  57  6:27  Gateway  
  57  6:28  Gateway  
  57  6:30  Probe  
  58  6:34  Assimilator  
  58  6:48  Immortal (Chrono Boost)  
  56  7:04  Adept x5  
  56  7:07  Adept  
  64  7:11  Probe x2  
  64  7:19  Observer (Chrono Boost)  
  65  7:23  Probe  
  65  7:25  Adept  
  65  7:26  Adept  
  65  7:27  Adept  
  72  7:31  Pylon  
  72  7:32  Pylon  
  72  7:35  Adept x2  
  76  7:39  Adept x2  
  80  7:46  Adept x2  
  84  7:56  Adept x2  
  84  7:57  Adept  
  90  8:03  Pylon  
  90  8:09  Adept  
  90  8:10  Adept x2  
  96  8:14  Adept  
  98  8:28  Adept  
  98  8:29  Adept x3  
  74  8:36  Adept  
  74  8:37  Adept  
  78  8:46  Adept x2  
  52  9:10  Adept x6  
  52  9:12  Adept  
  52  9:16  Adept  
  68  9:28  Robotics Bay  
  68  9:32  Assimilator  
  64  10:05  Sentry x3  
  64  10:06  Sentry  
  72  10:07  Zealot x3  
  72  10:13  Zealot  
  80  10:22  Nexus  
  80  10:24  Pylon  
  76  10:31  Stalker x2  
  76  10:32  Stalker x2  
  84  10:37  Probe x2 (Chrono Boost)  
  84  10:48  Probe x2 (Chrono Boost)  
  85  10:53  Probe (Chrono Boost)  
  85  10:55  Adept x3  
Show
View Real Time Build Order
Export as new Build Order

Demi Zerg - Winner!

Build Orders: Hatch First 

Get SALT Encoding   

  12  0:00  Drone  
  13  0:11  Overlord  
  13  0:17  Drone  
  14  0:30  Drone x2  
  16  0:48  Hatchery  
  15  0:51  Drone  
  15  0:55  Drone  
  17  0:58  Drone  
  18  1:09  Extractor  
  17  1:13  Spawning Pool  
  17  1:16  Drone  
  17  1:19  Drone  
  18  1:27  Drone  
  19  1:39  Drone  
  20  1:49  Drone  
  21  2:00  Queen x2  
  25  2:01  Zergling x4  
  27  2:08  Metabolic Boost  
  27  2:12  Overlord  
  27  2:15  Drone  
  28  2:31  Drone  
  28  2:32  Drone x2  
  31  2:46  Drone, Hatchery  
  31  2:47  Drone  
  32  2:52  Overlord  
  32  2:54  Queen  
  34  3:00  Drone x2  
  36  3:12  Drone  
  37  3:13  Drone x3  
  37  3:16  Overlord  
  40  3:21  Drone  
  40  3:22  Drone  
  42  3:30  Spore Crawler  
  42  3:31  Drone  
  42  3:32  Queen  
  44  3:34  Drone  
  44  3:36  Spore Crawler  
  44  3:42  Zergling x4  
  44  3:46  Drone x2  
  44  3:48  Overlord x2  
  48  3:53  Drone  
  49  3:57  Roach Warren  
  49  3:59  Queen  
  49  4:00  Drone  
  51  4:06  Drone  
  51  4:07  Drone x3  
  55  4:10  Zergling x4  
  55  4:15  Queen  
  59  4:21  Zergling x8  
  59  4:22  Zergling x2  
  64  4:24  Zergling x2  
  65  4:32  Spore Crawler  
  65  4:36  Queen  
  66  4:39  Zergling x4  
  66  4:40  Zergling x4  
  66  4:45  Lair  
  70  4:51  Overlord x2  
  68  4:56  Zergling x12  
  74  5:00  Overlord  
  74  5:04  Overlord  
  74  5:11  Roach x2  
  74  5:12  Roach x3  
  84  5:16  Overlord  
  84  5:17  Overlord  
  84  5:23  Drone  
  84  5:24  Roach x2  
  82  5:36  Roach x3, Zergling x2  
  82  5:37  Zergling x6  
  85  5:44  Zergling x2  
  85  5:45  Zergling x2  
  83  5:55  Drone  
  79  6:00  Extractor  
  79  6:01  Drone x8  
  79  6:02  Extractor  
  81  6:20  Zergling x14  
  81  6:24  Glial Reconstitution  
  85  6:27  Drone x3  
  85  6:28  Drone x3  
  91  6:39  Overlord x2  
  91  6:44  Queen  
  93  6:52  Zergling x4  
  93  6:53  Zergling x8  
  89  7:04  Drone  
  89  7:05  Drone x4, Overseer  
  89  7:07  Drone  
  94  7:12  Drone x5  
  94  7:13  Evolution Chamber  
  98  7:17  Spire  
  97  7:25  Drone x3  
  99  7:38  Roach x5  
  99  7:39  Extractor  
  99  7:43  Ravager  
  109  7:46  Ravager  
  109  7:48  Zergling x14  
  117  7:55  Roach x3, Zergling x2  
  124  8:00  Roach, Zergling x2  
  127  8:05  Overlord x2  
  127  8:06  Overlord  
  127  8:11  Roach  
  129  8:15  Overlord x2  
  123  8:28  Roach x2  
  123  8:29  Zergling x14  
  119  8:36  Ravager  
  119  8:39  Roach x4, Zergling x2  
  129  8:43  Ravager x3  
  132  8:51  Roach  
  132  8:52  Roach x3, Zergling x2  
  134  9:00  Roach x3  
  134  9:01  Roach  
  138  9:03  Drone x2  
  138  9:08  Drone x2  
  138  9:09  Drone x2  
  143  9:13  Extractor  
  142  9:17  Drone  
  142  9:18  Drone x3  
  146  9:28  Drone  
  146  9:29  Drone x5  
  152  9:32  Overlord  
  152  9:33  Overlord  
  152  9:37  Extractor  
  149  9:41  Drone  
  149  9:42  Drone x2  
  150  9:52  Mutalisk x4  
  150  9:53  Hatchery  
  150  9:57  Queen  
  159  10:02  Mutalisk x2  
  163  10:08  Drone x3  
  166  10:27  Roach x7, Zergling x4  
  166  10:28  Zergling x10  
  186  10:42  Overlord x3  
Tags
 
Add a new tag
Caveats
  • Supply blocks, unpowered buildings, or Contaminate may cause inaccurate times.
  • Supply counts are checked every 10 seconds.